 Dungeon Crawl Stone Soup version 0.24-a0-789-g35933f4585 (webtiles) character file.

Game seed: 12558257183866962089, levelgen mode: deterministic

207 Conn the Firebug (level 5, -2/33 HPs)
             Began as an Octopode Fire Elementalist on Oct 10, 2019.
             Slain by a killer bee (9 damage)
             ... on level 9 of the Dungeon.
             The game lasted 00:05:00 (2637 turns).

Conn the Firebug (Octopode Fire Elementalist)       Turns: 2637, Time: 00:05:00

Health: -2/33      AC:  1    Str:  7    XL:     5   Next: 85%
Magic:  6/9        EV: 13    Int: 19    God:
Gold:   117        SH:  0    Dex: 12    Spells: 9/10 levels left

rFire    + + .     SeeInvis .   c - +0 short sword
rCold    . . .     Gourm    .   (no shield)
rNeg     + . .     Faith    .   (helmet restricted)
rPois    .         Spirit   .   (no amulet)
rElec    .         Reflect  .   l - ring of positive energy
rCorr    .         Harm     .   q - ring of protection from fire
MR       .....                  r - ring of protection from fire
Stlth    +++.......             (no ring)
HPRegen  0.11/turn              (no ring)
MPRegen  0.11/turn              (no ring)
                                (no ring)
                                (no ring)

@: lethally poisoned (-2 -> -7), hasted, very quick
A: almost no armour, stealthy swim, amphibious, 8 rings, constrict 8, camouflage
1, gelatinous body 1
a: no special abilities


You were on level 9 of the Dungeon.
You were near starving.

You visited 1 branch of the dungeon, and saw 6 of its levels.

You collected 117 gold pieces.

Inventory:

Hand Weapons
 c - a +0 short sword (weapon)
Jewellery
 l - a ring of positive energy (left tentacle)
 q - a ring of protection from fire (right tentacle)
 r - a ring of protection from fire (on tentacle)
Scrolls
 a - a scroll of fear {unknown}
 e - a scroll of enchant weapon {unknown}
 g - a scroll of fog {unknown}
 h - 2 scrolls of teleportation {unknown}
 j - a scroll of immolation {unknown}
 k - a scroll of magic mapping {unknown}
 m - a scroll of enchant armour {unknown}
 n - 3 scrolls of identify {unknown}
 p - a scroll of random uselessness {unknown}
Potions
 f - a potion of heal wounds {unknown}
 i - a potion of resistance {unknown}
 o - a potion of agility {unknown}
Comestibles
 b - 7 rations


   Skills:
 + Level 1.0 Fighting
 + Level 1.6 Short Blades
 + Level 2.5 Dodging
 - Level 3.0 Stealth
 * Level 3.2 Spellcasting
 * Level 2.1 Conjurations
 + Level 4.1 Fire Magic


You had 9 spell levels left.
You knew the following spells:

 Your Spells              Type           Power        Failure   Level  Hunger
a - Flame Tongue          Conj/Fire      ###..        4%          1    None

Your spell library contained the following spells:

 Spells                   Type           Power        Failure   Level  Hunger
 Throw Flame              Conj/Fire      ###...       6%          2    ##.....
 Conjure Flame            Conj/Fire      ###.....     12%         3    ###....
 Inner Flame              Hex/Fire       ##......     19%         3    ###....
 Sticky Flame             Conj/Fire      ###.....     38%         4    ####...
 Fireball                 Conj/Fire      ###.......   75%         5    ######.


Dungeon Overview and Level Annotations

Branches:
Dungeon (9/15)
 Temple: D:4-7         Lair: D:8-11         Orc: D:9-12

Altars:
Elyvilon
Nemelex Xobeh
Okawaru
Ru


Innate Abilities, Weirdness & Mutations

You cannot wear most types of armour.
You are very stealthy in the water. (Stealth+)
You are amphibious.
You can wear up to eight rings at the same time.
You can use your tentacles to constrict eight enemies at once.
Your skin changes colour to match your surroundings (Stealth+).
Your rubbery body absorbs attacks. (AC +1, EV +1)


Message History

The killer bee stings you. The bullfrog closely misses you.
Casting: Flame Tongue (safe; 4% risk of failure)
Confirm with . or Enter, or press ? or * to list all spells.
Aiming: Flame Tongue (safe; 4% risk of failure)
Press: ? - help, Shift-Dir - straight line, f/p - bullfrog
Aim: a bullfrog (almost dead, constricted by you)
The flame tongue hits the bullfrog!
You kill the bullfrog!
Your Fighting skill increases to level 1!
Your Conjurations skill increases to level 2!
The killer bee stings you. The killer bee completely misses you.
Unknown command.
It was a potion of haste.
You feel yourself speed up. The killer bee stings you.
* * * LOW HITPOINT WARNING * * *
You are poisoned.
The killer bee poisons you! The killer bee stings you.
* * * LOW HITPOINT WARNING * * *
You feel sick. The killer bee stings you!
You die...

..##...#.##............
.......................
.....##................
#...................##
##................
#..................
.............###..#
..................#
#..##..$<.@y†...... ..
#.#....##...... .
...#..### ......
.##.##.. .... #.. ...
.. .. . .


You could see a killer bee.

Vanquished Creatures
  A bullfrog (D:9)
  A crimson imp (D:9)
  An iguana (D:6)
  A worker ant (D:8)
  An ooze (D:1)
  A worm (D:2)
  2 dart slugs (D:2)
  2 leopard geckos
  3 giant cockroaches (D:1)
  3 goblins
  7 hobgoblins (D:2)
  6 jackals (D:2)
  2 quokkas
  6 bats
  2 frilled lizards
  9 kobolds
  3 rats
51 creatures vanquished.

Notes
Turn   | Place    | Note
-------+----------+-------------------------------------------
     0 | D:1      | Conn the Octopode Fire Elementalist began the quest for the
                  | Orb.
     0 | D:1      | Reached XP level 1. HP: 11/11 MP: 3/3
   276 | D:1      | Reached XP level 2. HP: 3/17 MP: 0/5
   845 | D:1      | Reached XP level 3. HP: 18/21 MP: 6/6
  1474 | D:2      | Found a sparkling altar of Nemelex Xobeh.
  1799 | D:2      | Reached XP level 4. HP: 27/27 MP: 7/7
  2004 | D:3      | Found an iron altar of Okawaru.
  2042 | D:3      | You fall into a shaft and drop 3 floors!
  2403 | D:6      | You fall into a shaft and drop 3 floors!
  2422 | D:9      | Found a sacrificial altar of Ru.
  2453 | D:9      | Noticed an orc warrior
  2459 | D:8      | Noticed a hippogriff
  2468 | D:8      | Reached skill level 4 in Fire Magic
  2482 | D:8      | Found a white marble altar of Elyvilon.
  2539 | D:9      | Reached skill level 1 in Short Blades
  2539 | D:9      | Reached XP level 5. HP: 24/32 MP: 9/9
  2635 | D:9      | Reached skill level 1 in Fighting
  2637 | D:9      | Slain by a killer bee

Levels and vault maps discovered:
D:1:      enne_arrival_octagon_isle, layout_loops_ring
D:2:      layout_loops_cross, overflow_temple_1_default,
          hangedman_abyss_or_decor_lesser_grid
D:3:      layout_basic, nicolae_tso_carved_into_rock, marbit_many_paths,
          lemuel_crystal_altar, biasface_ghost_orc_armoury, uniq_robin
D:6:      layout_basic, lemuel_doored_altar, fedhas_ov_isle_minmay,
          uniq_prince_ribbit1
D:8:      layout_layer_cave, elyvilon_altar_5, serial_shops,
          nicolae_shop_temple_entry_statues_fountains,
          nicolae_ossuary_entry_monument
D:9:      layout_cave_pools, david_lair_generic, hangedman_ru_absence

Skill      XL: |  1  2  3  4  5 |
---------------+----------------+-----
Stealth        | 3 |  3.0
Fire Magic     | 4 |  4.1
Short Blades   | 1 |  1.6
Spellcasting   | 3 |  3.2
Fighting       | 1 |  1.0
Conjurations   | 2 |  2.1
Dodging        | |  2.5

Action                   |  1- 3 |  4- 6 || total
-------------------------+-------+-------++-------
Melee: Unarmed           |     5 |       ||     5
       Tentacles         |    10 |     2 ||    12
       Constrict         |    15 |     5 ||    20
       Short sword       |    53 |    19 ||    72
 Cast: Flame Tongue      |    38 |    12 ||    50
  Use: Potion            |       |     1 ||     1
 Stab: Sleeping          |     7 |     4 ||    11
  Eat: Chunk             |     3 |     1 ||     4
Armor: Skin              |     5 |     1 ||     6
Dodge: Dodged            |    45 |    17 ||    62

Table legend:
 A = Non-vault XP
 B = Vault XP
 C = Vault XP percentage of total XP
 D = Non-vault monster count
 E = Vault monster count
 F = Vault count percentage of total count
                 A         B        C        D         E       F
            +---------+---------+-------+---------+---------+-------
      Total |     297 |       0 |   0.0 |      51 |       0 |   0.0
            +---------+---------+-------+---------+---------+-------
        D:1 |      33 |       0 |   0.0 |      20 |       0 |   0.0
        D:2 |      54 |       0 |   0.0 |      25 |       0 |   0.0
        D:6 |      35 |       0 |   0.0 |       1 |       0 |   0.0
        D:8 |      35 |       0 |   0.0 |       2 |       0 |   0.0
        D:9 |     140 |       0 |   0.0 |       3 |       0 |   0.0
            +---------+---------+-------+---------+---------+-------
